 Dungeon Crawl Stone Soup version 0.30-a0-534-gdc55766716 (webtiles) character file.

Game seed: 8970132987724085773

66 bande the Covered (level 4, -1/29 HPs)
             Began as a Gargoyle Fighter on Dec 25, 2022.
             Slain by a gnoll
             ... wielding a +0 spear
              (4 damage)
             ... on level 2 of the Dungeon.
             The game lasted 00:01:45 (1460 turns).

bande the Covered (Gargoyle Fighter)                Turns: 1460, Time: 00:01:46

Health: -1/29      AC: 10    Str: 25    XL:     4   Next: 15%
Magic:  4/4        EV:  9    Int:  9    God:
Gold:   100        SH:  4    Dex: 11    Spells: 3/3 levels left

rFire   . . .      SeeInvis .    a - +0 war axe
rCold   . . .      Faith    .    c - +0 buckler
rNeg    + . .      Spirit   .    b - +0 scale mail
rPois   ∞          Reflect  .    (no helmet)
rElec   +          Harm     .    (no cloak)
rCorr   .          Rampage  .    (no gloves)
Will    .....                    (no boots) Stlth
                                 (no amulet)
HPRegen 0.24/turn                j - +6 ring of strength
MPRegen 0.09/turn                (no ring)

@: no status effects
A: sickness immunity, AC +3, negative energy resistance 1, electricity
resistance, torment resistance 1, petrification resistance
a: no special abilities


You were on level 2 of the Dungeon.
You visited 1 branch of the dungeon, and saw 2 of its levels.

You collected 100 gold pieces.

Inventory:

Hand Weapons
 a - a +0 war axe (weapon)
Armour
 b - a +0 scale mail (worn)
 c - a +0 buckler (worn)
Jewellery
 j - a +6 ring of strength (left hand)
Scrolls
 e - a scroll of fog {unknown}
 f - a scroll of silence {unknown}
Potions
 d - a potion of might
 g - a potion of invisibility {unknown}
 h - 4 potions of brilliance {unknown}
 i - a potion of mutation {unknown}
 k - a potion of curing {unknown}
 l - a potion of berserk rage {unknown}
 m - a potion of cancellation {unknown}


   Skills:
 + Level 3.8 Fighting
 + Level 2.5 Axes
 + Level 4.1 Armour
 + Level 0.1 Stealth
 + Level 3.6 Shields


You had 3 spell levels left.
You didn't know any spells.
Your spell library contained the following spells:

 Spells                   Type           Power      Damage    Failure   Level
 Slow                     Hex            0%         N/A       77%         1
 Poisonous Vapours        Pois/Air       0%         N/A       88%         2
 Mephitic Cloud           Conj/Pois/Air  0%         N/A       98%         3
 Ozocubu's Armour         Ice            0%         N/A       98%         3
 Metabolic Englaciation   Hex/Ice        0%         N/A       100%        5
 Simulacrum               Ice/Necr       0%         N/A       100%        6
 Cigotuvi's Dreadful Rot  Necr/Pois/Air  Unusable   N/A       N/A         2

Dungeon Overview and Level Annotations

Branches:
Dungeon (2/15)

Altars:

Annotations:
D:2 1 runed translucent door, Crazy Yiuf


Innate Abilities, Weirdness & Mutations

You are immune to sickness and miasma.
Your stone body is resilient. (AC +3)
You are immune to poison.
You resist negative energy. (rN+)
You are resistant to electric shocks. (rElec)
You are resistant to unholy torment.
You are immune to petrification.


Message History

You slash the gnoll!
You kill the gnoll!
You block the adder's attack.
You have reached level 4!
You feel clever.
You barely miss the adder. You block the adder's attack.
You block the gnoll's attack. The adder closely misses you.
The gnoll misses you.
You slash the adder!
The adder is severely wounded.
You block the adder's attack.
The gnoll hits you from afar with a +0 spear.
The adder bites you but does no damage.
You closely miss the adder.
The adder is severely wounded.
You block the gnoll's attack. The adder bites you but does no damage.
The adder bites you.
The gnoll hits you from afar with a +0 spear.
You closely miss the adder.
The adder is severely wounded.
The adder bites you but does no damage.
The gnoll hits you from afar with a +0 spear.
* * * LOW HITPOINT WARNING * * *
The adder bites you.
* * * LOW HITPOINT WARNING * * *
You barely miss the adder.
The adder is severely wounded.
The gnoll hits you but does no damage. The adder bites you but does no damage.
The gnoll hits you from afar with a +0 spear.
* * * LOW HITPOINT WARNING * * *
Unknown command.
You slash the adder!
You kill the adder!
The gnoll hits you from afar with a +0 spear.
* * * LOW HITPOINT WARNING * * *
Your Armour skill increases to level 4!
You slash the gnoll!
The gnoll is almost dead.
The gnoll hits you from afar with a +0 spear.
You die...

.##.#####..##.####.###...#
.##.#####..##.####.# ##.##
.##........##......# #.#
##########+######### #.# #
... #.# ## .... ####.# .#
..... ##.##.## ..#
......####......# ....
$....gg@.......## ..###
.....g####...#.# .## .....
##.##.# .# .... ####.# .#
... #.# # #+ #.# ..#


You could see 3 gnolls.

Vanquished Creatures
  2 adders (D:2)
  A gnoll (D:2)
  2 dart slugs (D:1)
  A worm (D:2)
  3 ball pythons (D:1)
  A bat (D:1)
  4 endoplasms
  4 giant cockroaches (D:1)
  2 goblins
  2 hobgoblins
  A kobold (D:2)
  3 quokkas (D:2)
  3 frilled lizards (D:1)
  A rat (D:1)
30 creatures vanquished.

Notes
Turn   | Place    | Note
-------+----------+-------------------------------------------
     0 | D:1      | bande the Gargoyle Fighter began the quest for the Orb.
     0 | D:1      | Reached XP level 1. HP: 14/14 MP: 1/1
    93 | D:1      | Reached XP level 2. HP: 19/19 MP: 2/2
   113 | D:1      | Found a faded altar of an unknown god.
   122 | D:1      | Got Plato's Grimoire of Curses
   513 | D:1      | Reached XP level 3. HP: 24/24 MP: 3/3
   933 | D:2      | Found a runed translucent door.
   934 | D:2      | Noticed Crazy Yiuf
  1454 | D:2      | Reached XP level 4. HP: 19/29 MP: 4/4
  1460 | D:2      | Reached skill level 4 in Armour
  1460 | D:2      | Slain by a gnoll

Illustrated notes

Levels and vault maps discovered:
D:1:      sevenhm_arrival_forest_fort_large_2, layout_loops_cross,
          shapermc_ecumenical_altar_rom_forum
D:2:      layout_loops_corners, uniq_crazy_yiuf_cottage

Skill      XL: |  1  2  3  4 |
---------------+-------------+-----
Axes           | 2 |  2.5
Armour         | 4 |  4.1
Fighting       | |  3.8
Stealth        | |  0.1
Shields        | |  3.6

Action                   |  1- 3 |  4- 6 || total
-------------------------+-------+-------++-------
Melee: War axe           |    65 |     7 ||    72
Armor: Scale mail        |    28 |     5 ||    33
Dodge: Dodged            |    30 |     2 ||    32
Block: Buckler           |     8 |     4 ||    12

Table legend: (Time is in decaauts)
 A = Elapsed time spent in this place.
 B = Non-inter-level travel time spent in this place.
 C = Inter-level travel time spent in this place.
 D = Time resting spent in this place.
 E = Time spent auto-exploring this place.
 F = Levels seen in this place.
 G = Mean time per level.
                   A        B        C        D        E       F      G
               +--------+--------+--------+--------+--------+-----+--------+
         Total |   1491 |   1463 |     28 |      0 |   1250 |   2 |  745.5 |
       Dungeon |   1491 |   1463 |     28 |      0 |   1250 |   2 |  745.5 |
               +--------+--------+--------+--------+--------+-----+--------+

Top non-repeatable levels by time:
     D:1: 919 daAuts
     D:2: 571 daAuts
